 Dungeon Crawl Stone Soup version 0.27.1-3-gb3d3a73c9e (webtiles) character file.

Game seed: 2946117150225702104

1010 Urokeeper the Skirmisher (level 8, 0/71 HPs)
             Began as a Minotaur Berserker on Oct 26, 2021.
             Was a Priest of Trog.
             Slain by an unseen horror (2 damage)
             ... on level 7 of the Dungeon.
             The game lasted 00:10:11 (4571 turns).

Urokeeper the Skirmisher (Minotaur Berserker)       Turns: 4571, Time: 00:10:12

Health: 0/71       AC: 12    Str: 24    XL:     8   Next: 1%
Magic:  7/7        EV: 10    Int:  4    God:    Trog [***...]
Gold:   178        SH:  0    Dex: 10    Spells: 7/7 levels left

rFire    . . .     SeeInvis .   p - +1 hand axe (freeze)
rCold    . . .     Faith    .   (no shield)
rNeg     . . .     Spirit   .   k - +0 chain mail
rPois    .         Reflect  .   (helmet restricted)
rElec    .         Harm     .   (no cloak)
rCorr    .         Rampage  .   g - +1 pair of gloves
Will     .....                  (no boots)
Stlth    ..........             (no amulet)
HPRegen  0.21/turn              (no ring)
MPRegen  0.10/turn              (no ring)

@: on berserk cooldown, slowed, very slow
A: horns 2, retaliatory headbutt
a: Renounce Religion, Berserk, Trog's Hand


You were on level 7 of the Dungeon.
You worshipped Trog.
Trog was most pleased with you.
You visited 1 branch of the dungeon, and saw 7 of its levels.

You collected 178 gold pieces.

Inventory:

Hand Weapons
 a - a +0 hand axe
 p - a +1 hand axe of freezing (weapon)
Armour
 f - a +0 leather armour
 g - a +1 pair of gloves (worn)
 j - a +0 ring mail
 k - a +0 chain mail (worn)
 l - a +0 cloak
Jewellery
 h - a ring of fire
 q - a ring of positive energy
 s - a ring of poison resistance
Wands
 i - a wand of digging (6)
 n - a wand of flame (39) (quivered)
Scrolls
 b - 2 scrolls of magic mapping
 c - a scroll of silence {unknown}
 e - a scroll of teleportation
 m - a scroll of noise
 o - 3 scrolls of identify
Potions
 d - a potion of flight
 r - 2 potions of lignification {unknown}


   Skills:
 + Level 6.6 Fighting
 + Level 6.6 Axes
 + Level 6.0 Armour
 + Level 5.4 Dodging


You had 7 spell levels left.
You didn't know any spells.
Your spell library was empty.

Dungeon Overview and Level Annotations

Branches:
Dungeon (7/15)             Temple (0/1) D:5

Altars:
Dithmenos
Elyvilon
Gozag
Nemelex Xobeh
Qazlal
Sif Muna
Zin
The Shining One


Innate Abilities, Weirdness & Mutations

You have a pair of horns on your head.
You reflexively headbutt those who attack you in melee.


Message History

You hit something. You freeze something. Something hits you but does no damage.
Something hits you. Something hits you but does no damage.
Something hits you but does no damage. Something hits you but does no damage.
You barely miss something. Something hits you. Something hits you!
A red film seems to cover your vision as you go berserk!
You feel yourself moving faster!
You feel mighty! Something hits you but does no damage.
You feel a strong urge to attack something.
Something hits you but does no damage. Something hits you!
You feel your anger nearly subside. Something completely misses you.
You are no longer berserk.
You are exhausted.
You feel yourself slow down. Something hits you.
You hit something. You freeze something. You headbutt something!
Something hits you! x2
* * * LOW HITPOINT WARNING * * *
Something hits you.
* * * LOW HITPOINT WARNING * * *
Something hits you.
* * * LOW HITPOINT WARNING * * *
Something hits you but does no damage. x3
You open the door. Something hits you but does no damage.
Found a stone staircase leading up.
Something hits you.
* * * LOW HITPOINT WARNING * * *
There is an open door here.
Found a shimmering blue altar of Sif Muna.
Something hits you.
* * * LOW HITPOINT WARNING * * *
Something hits you but does no damage.
There is a stone staircase leading up here.
Something hits you but does no damage. x2
There is an open door here.
Something hits you.
You die...

._ #. . #.### ##+## .##
....# ##...## ... #.#.#
##.....###.#
..#.###...!...##.# ##
..#.##..!).....#.##...#.
.....'.........'@.......
..<.##.........#.##...##
.######.......##... ...
. ##.....####### #
##...## ##+##


There were no monsters in sight!

Vanquished Creatures
  A yak (D:5)
  A steam dragon (D:6)
  Menkaure (D:6)
  An ice beast (D:6)
  2 bullfrogs (D:6)
  A howler monkey (D:3)
  3 hounds (D:4)
  A bullfrog skeleton (D:6)
  2 orc priests
  3 gnolls (D:4)
  6 adders
  2 ufetubi
  2 worms
  A dart slug (D:2)
  11 orcs
  5 endoplasms
  2 giant cockroaches
  4 goblins
  10 hobgoblins
  10 kobolds
  2 quokkas (D:1)
  7 ball pythons
  9 bats
  3 frilled lizards
  6 rats
96 creatures vanquished.

Vanquished Creatures (others)
  6 plants (D:1)
6 creatures vanquished.

Grand Total: 102 creatures vanquished

Notes
Turn   | Place    | Note
-------+----------+-------------------------------------------
     0 | D:1      | Urokeeper the Minotaur Berserker began the quest for the
                  | Orb.
     0 | D:1      | Reached XP level 1. HP: 19/19 MP: 0/0
   385 | D:1      | Reached XP level 2. HP: 18/27 MP: 1/1
  1107 | D:2      | Reached XP level 3. HP: 33/33 MP: 2/2
  1316 | D:2      | Reached ** piety under Trog
  1700 | D:2      | Found a faded altar of an unknown god.
  1911 | D:3      | Reached XP level 4. HP: 39/41 MP: 3/3
  2134 | D:3      | Found a glowing golden altar of the Shining One.
  2135 | D:3      | Found a sparkling altar of Nemelex Xobeh.
  2135 | D:3      | Found a shadowy altar of Dithmenos.
  2137 | D:3      | Found a glowing silver altar of Zin.
  2138 | D:3      | Found a stormy altar of Qazlal.
  2196 | D:3      | Found a white marble altar of Elyvilon.
  2476 | D:4      | Reached XP level 5. HP: 43/47 MP: 4/4
  2526 | D:4      | Found an opulent altar of Gozag.
  2616 | D:4      | Reached skill level 5 in Axes
  2617 | D:4      | Reached skill level 5 in Fighting
  2621 | D:4      | Reached XP level 6. HP: 39/56 MP: 5/5
  2812 | D:4      | Reached *** piety under Trog
  3257 | D:5      | Entered Level 5 of the Dungeon
  3369 | D:5      | Noticed a yak
  3370 | D:5      | Noticed a yak
  3383 | D:5      | Killed a yak
  3383 | D:5      | Noticed a yak
  3385 | D:5      | Noticed a yak
  3386 | D:5      | Noticed a yak
  3392 | D:5      | Noticed a yak
  3396 | D:5      | Found a staircase to the Ecumenical Temple.
  3446 | D:6      | Noticed an ice beast
  3454 | D:6      | Killed an ice beast
  3455 | D:6      | Reached skill level 5 in Armour
  3455 | D:6      | Reached XP level 7. HP: 62/62 MP: 6/6
  3651 | D:6      | Noticed a steam dragon
  3663 | D:6      | Killed a steam dragon
  3664 | D:6      | Reached skill level 5 in Dodging
  3686 | D:6      | Noticed Menkaure
  3695 | D:6      | Killed Menkaure
  4060 | D:6      | Reached XP level 8. HP: 67/71 MP: 7/7
  4569 | D:7      | Found a shimmering blue altar of Sif Muna.
  4569 | D:7      | HP: 1/71 [something (4)]
  4571 | D:7      | Slain by an unseen horror

Illustrated notes

Levels and vault maps discovered:
D:1:      saegor_arrival_simple_e, layout_loops_ring, serial_bayou_lake_a
D:2:      layout_rooms, dreamdust_ecumenical_altar_angels_and_demons,
          grunt_ministairs_14, chequers_serial_rivers_room_a,
          lemuel_another_geyser
D:3:      layout_rooms, nicolae_elyvilon_temple_path, minitemple
D:4:      layout_cave_pools, nicolae_gozag_cash_rules_everything_around_me
D:5:      layout_loops_ring, minmay_temple_entry_slanted,
          kennysheep_generic_room_3
D:6:      layout_layer_cave, uniq_menkaure
D:7:      layout_loops_corners, led_sif_book

Skill      XL: |  1  2  3  4  5  6  7 |
---------------+----------------------+-----
Axes           | 4 5 6 |  6.6
Fighting       | 4 5 6 |  6.6
Armour         | 3 4 5 6 |  6.0
Dodging        | 3 4 5 |  5.4

Action                   |  1- 3 |  4- 6 |  7- 9 || total
-------------------------+-------+-------+-------++-------
Melee: Hand axe          |    87 |    89 |    38 ||   214
       Headbutt          |    12 |    15 |     7 ||    34
Invok: Berserk           |     1 |     5 |     3 ||     9
Evoke: Wand              |       |     5 |       ||     5
  Use: Potion            |     2 |       |     3 ||     5
       Scroll            |       |     5 |     1 ||     6
Armor: Animal skin       |     9 |       |       ||     9
       Leather armour    |     9 |       |       ||     9
       Chain mail        |     5 |    61 |    38 ||   104
       Skin              |     1 |       |       ||     1
Dodge: Dodged            |    57 |    41 |    11 ||   109
